cohdb
Replays
Latest Replays
All Replays
Popular Replays
Top Player Replays
Match Explorer
How It Works
Community
CoH3 Stats
Reddit
Sign in to upload your games and track your stats! →
Sign in with Steam
Match 43682714
Unlisted
Match 43682714
Overview
Messages
Build Orders
End
Vickers Machine Gun Team
Construct Section Command Post
Selects Indian Artillery Battlegroup
Infantry Section
Infantry Section
Infantry Section
Selects Towed ML 4.2-inch Heavy Mortar
Construct Platoon Command Post
Selects Towed ML 4.2-inch Heavy Mortar
Infantry Training
Grenade Package
Towed ML 4.2-inch Heavy Mortar
Infantry Section
Construct Field Infirmary
Selects Valour
Selects Off-map Airburst Barrage
EL-TERRIBLO-DEMON-DE-LA-MUERTE
Jd577
alldl4
R.S.P.
asdasd
Northwind
fedo
aminsedgi
0
0
Comments
sign in to comment!
No comments posted yet!